 Dungeon Crawl Stone Soup version 0.23-a0-635-g88ca12a7de (webtiles) character file.

1931399 EnegeticOcto the Conqueror (level 27, 224/224 HPs)
             Began as a Human Monk on Dec 26, 2018.
             Was the Champion of Hepliaklqana.
             Escaped with the Orb
             ... and 4 runes on Dec 27, 2018!
             The game lasted 03:55:21 (109062 turns).

EnegeticOcto the Conqueror (Human Monk)           Turns: 109062, Time: 03:55:21

Health: 224/224    AC: 39    Str: 15    XL:     27
Magic:  36/37      EV: 16    Int: 28    God:    Hepliaklqana [******]
Gold:   6279       SH: 15    Dex: 21    Spells: 2/46 levels left

rFire    + + .     SeeInvis +   a - +9 demon trident (pierce)
rCold    + . .     Gourm    .   Y - +1 shield {rN+}
rNeg     + + +     Faith    .   W - +6 storm dragon scales
rPois    +         Spirit   +   h - +2 hat of the Bear Spirit {Spirit, +Rage rN+ MR++}
rElec    +         Reflect  .   t - +1 cloak {+Inv}
rCorr    +         Harm     .   r - +1 pair of gloves of Evolution {*Contam MR+ Int+4 Dex+4}
MR       +++++                  q - +2 pair of boots
Stlth    ..........             C - amulet "Juyloth" {RegenMP rF+ rN+ Int+2}
HPRegen  0.47/turn              y - ring "Yvoriv" {rCorr rF+ Int+3 SInv}
MPRegen  0.50/turn              e - ring "Awkil" {rPois rC+ rN++ AC+4, =R}

@: no status effects
A: reduced essence, molten scales 1, blink, no potion heal 1
0: Orb of Zot
}: 4/15 runes: decaying, serpentine, slimy, silver
a: Blink, Recall Ancestor, Ancestor Identity, Transference, Idealise, Renounce
Religion, Evoke Berserk Rage, Evoke Invisibility


You escaped.
You worshipped Hepliaklqana.
Hepliaklqana was exalted by your worship.
You were not hungry.

You visited 12 branches of the dungeon, and saw 58 of its levels.
You visited the Abyss 1 time.
You visited 1 bazaar.
You also visited: Ice Cave.

You collected 14033 gold pieces.
You spent 7754 gold pieces at shops.

Inventory:

Hand Weapons
 a - a +9 demon trident of piercing (weapon)
Missiles
 d - 2 throwing nets (quivered) {!f}
Armour
 h - the +2 hat of the Bear Spirit (worn) {Spirit, +Rage rN+ MR++}
   (You bought it in a shop on level 1 of the Depths)

   It protects you from negative energy.
   It affects your resistance to hostile enchantments.
   It lets you go berserk.
 q - a +2 pair of boots (worn)
 r - the +1 pair of gloves of Evolution (worn) {*Contam MR+ Int+4 Dex+4}
   (You found it on level 11 of the Dungeon)

   It affects your intelligence (+4).
   It affects your dexterity (+4).
   It affects your resistance to hostile enchantments.
   It causes magical contamination when unequipped.
 t - a +1 cloak of invisibility (worn)
 W - +6 storm dragon scales (worn)
 Y - a +1 shield of positive energy (worn)
Jewellery
 e - the ring "Awkil" (right hand) {rPois rC+ rN++ AC+4, =R}
   (You bought it in a shop on level 1 of the Elven Halls)

   [ring of protection]

   It affects your AC (+4).
   It protects you from cold.
   It protects you from poison.
   It greatly protects you from negative energy.
 y - the ring "Yvoriv" (left hand) {rCorr rF+ Int+3 SInv}
   (You found it on level 3 of the Depths)

   [ring of resist corrosion]

   It affects your intelligence (+3).
   It protects you from fire.
   It lets you see invisible.
 C - the amulet "Juyloth" (around neck) {RegenMP rF+ rN+ Int+2}
   (You found it on level 1 of the Realm of Zot)

   [amulet of magic regeneration]

   It increases your magic regeneration.
   It affects your intelligence (+2).
   It protects you from fire.
   It protects you from negative energy.
 V - the ring of Baps {-Tele rC+ rN+ Slay+2}
   (You bought it in a shop on level 2 of the Orcish Mines)

   [ring of protection from cold]

   It affects your accuracy and damage with ranged weapons and melee attacks
   (+2).
   It protects you from cold.
   It protects you from negative energy.
   It prevents most forms of teleportation.
Wands
 u - a wand of enslavement (14)
 z - a wand of iceblast (66)
 A - a wand of clouds (1)
 B - a wand of acid (25)
 D - a wand of paralysis (35)
 H - a wand of scattershot (2)
 L - a wand of polymorph (42)
 P - a wand of digging (20)
 T - a wand of flame (58)
Scrolls
 f - 2 scrolls of identify {@r1}
 w - 28 scrolls of teleportation {@r3 !r}
 K - 7 scrolls of blinking {@r4}
 M - 5 scrolls of fog
 O - 2 scrolls of magic mapping {@r5 !r}
 R - 6 scrolls of immolation
 X - 8 scrolls of fear
Potions
 g - 7 potions of brilliance
 i - 4 potions of invisibility
 j - 7 potions of flight
 k - 9 potions of might {@q3 !q}
 l - 2 potions of magic
 m - 4 potions of ambrosia
 s - 6 potions of lignification {@q6 !q}
 v - 7 potions of agility {@q5 !q}
 x - 5 potions of mutation
 E - 17 potions of curing {@q1}
 F - 8 potions of cancellation
 G - 7 potions of haste {@q4 !q}
 I - a potion of resistance
 Q - 3 potions of heal wounds {@q2}
 S - 7 potions of berserk rage
Miscellaneous
 b - 5 boxes of beasts
 n - a phial of floods
 o - 3 sacks of spiders
 p - a fan of gales
 U - a phantom mirror
 Z - a lamp of fire
Comestibles
 c - 60 rations


   Skills:
 O Level 27 Fighting
 - Level 14.0 Polearms
 - Level 15.0 Armour
 - Level 15.0 Dodging
 - Level 2.0 Stealth
 - Level 15.0 Shields
 - Level 10.0 Spellcasting
 - Level 10.0 Hexes
 - Level 10.0 Charms
 - Level 15.0 Summonings
 - Level 10.0 Necromancy
 - Level 10.0 Translocations
 - Level 10.0 Air Magic
 - Level 10.0 Earth Magic
 - Level 13.0 Invocations
 + Level 19.4 Evocations


You had 2 spell levels left.
You knew the following spells:

 Your Spells              Type           Power        Failure   Level  Hunger
a - Apportation           Tloc           ######       1%          1    None
b - Summon Butterflies    Summ           #######.     1%          1    None
c - Blink                 Tloc           N/A          1%          2    None
d - Summon Mana Viper     Hex/Summ       ######..     5%          5    ###....
e - Summon Lightning Spi  Summ/Air       ######..     1%          4    None
f - Silence               Hex/Air        ######....   16%         5    ###....
g - Deflect Missiles      Chrm/Air       ######....   65%         6    #####..
h - Spectral Weapon       Hex/Chrm       ######..     1%          3    None
i - Swiftness             Chrm/Air       ######..     1%          2    None
j - Regeneration          Chrm/Necr      ######....   1%          3    None
k - Borgnjor's Vile Clut  Necr/Erth      ######....   16%         5    ###....
l - Summon Forest         Summ/Tloc      ######....   5%          5    ###....
m - Passwall              Tmut/Erth      #####...     7%          2    None

Your spell library contained the following spells:

 Spells                   Type           Power        Failure   Level  Hunger
 Animate Skeleton         Necr           N/A          1%          1    None
 Confusing Touch          Hex            ######       1%          1    None
 Corona                   Hex            ######.      1%          1    None
 Infusion                 Chrm           ####         1%          1    None
 Sandblast                Erth           ######       1%          1    None
 Summon Small Mammal      Summ           ####         1%          1    None
 Call Imp                 Summ           #######.     1%          2    None
 Corpse Rot               Necr           N/A          1%          2    None
 Shroud of Golubria       Chrm/Tloc      ######....   1%          2    None
 Slow                     Hex            ######..     1%          2    None
 Song of Slaying          Chrm           ######..     1%          2    None
 Ensorcelled Hibernation  Hex/Ice        #####.       7%          2    None
 Flame Tongue             Conj/Fire      ##...        34%         1    None
 Freeze                   Ice            ##..         34%         1    None
 Magic Dart               Conj           ##..         34%         1    None
 Sting                    Conj/Pois      ##..         34%         1    None
 Searing Ray              Conj           ##....       45%         2    None
 Throw Flame              Conj/Fire      ##....       45%         2    None
 Throw Frost              Conj/Ice       ##....       45%         2    None
 Call Canine Familiar     Summ           #######.     1%          3    None
 Confuse                  Hex            ######..     1%          3    None
 Recall                   Summ/Tloc      N/A          1%          3    None
 Summon Guardian Golem    Hex/Summ       ######..     1%          3    None
 Tukima's Dance           Hex            ######..     1%          3    None
 Animate Dead             Necr           N/A          5%          4    None
 Cause Fear               Hex            ######....   5%          4    None
 Leda's Liquefaction      Hex/Erth       ######....   5%          4    None
 Dazzling Spray           Conj/Hex       #####.       13%         3    None
 Inner Flame              Hex/Fire       #####...     13%         3    None
 Ozocubu's Armour         Chrm/Ice       #####...     13%         3    None
 Static Discharge         Conj/Air       #####...     13%         3    None
 Stone Arrow              Conj/Erth      #####.       13%         3    None
 Summon Ice Beast         Ice/Summ       ######..     16%         4    None
 Lee's Rapid Deconstruct  Erth           ######....   16%         5    ###....
 Mephitic Cloud           Conj/Pois/Air  ####....     26%         3    None
 Force Lance              Conj/Tloc      #####...     41%         4    None
 Fulminant Prism          Conj/Hex       #####.....   41%         4    None
 Petrify                  Tmut/Erth      #####...     41%         4    None
 Summon Hydra             Summ           #######...   52%         7    ######.
 Darkness                 Hex            ######....   65%         6    #####..
 Death Channel            Necr           ######....   65%         6    #####..
 Invisibility             Hex            ######..     65%         6    #####..
 Conjure Flame            Conj/Fire      ##......     71%         3    None
 Ignite Poison            Fire/Tmut/Pois ##......     71%         3    None
 Iskenderun's Battlesphe  Conj/Chrm      #####...     77%         5    ###....
 Lightning Bolt           Conj/Air       #####.....   77%         5    ###....
 Metabolic Englaciation   Hex/Ice        #####.....   77%         5    ###....
 Yara's Violent Unravell  Hex/Tmut       #####.....   77%         5    ###....
 Bolt of Magma            Conj/Fire/Erth ####......   94%         5    ###....
 Iskenderun's Mystic Bla  Conj           ##......     98%         4    None
 Sticky Flame             Conj/Fire      ##......     98%         4    None
 Throw Icicle             Conj/Ice       ##......     98%         4    None
 Fireball                 Conj/Fire      ##........   100%        5    ###....
 Irradiate                Conj/Tmut      ##........   100%        5    ###....
 Venom Bolt               Conj/Pois      ##........   100%        5    ###....
 Bolt of Cold             Conj/Ice       ##........   100%        6    #####..
 Bolt of Fire             Conj/Fire      ##........   100%        6    #####..
 Conjure Ball Lightning   Conj/Air       #####.....   100%        6    #####..
 Freezing Cloud           Conj/Ice/Air   ####......   100%        6    #####..
 Hydra Form               Tmut           ##........   100%        6    #####..
 Iron Shot                Conj/Erth      #####.....   100%        6    #####..
 Simulacrum               Ice/Necr       #####.....   100%        6    #####..
 Statue Form              Tmut/Erth      #####....    100%        6    #####..
 Dragon Form              Tmut           ##........   100%        7    ######.
 Orb of Destruction       Conj           ##........   100%        7    ######.
 Ring of Flames           Chrm/Fire      #####.....   100%        7    ######.
 Spellforged Servitor     Conj/Summ      ######....   100%        7    ######.
 Discord                  Hex            ######....   100%        8    #######
 Ignition                 Fire           ##........   100%        8    #######
 Dragon's Call            Summ           #######...   100%        9    #######
 Shatter                  Erth           ######....   100%        9    #######
 Tornado                  Air            ######....   100%        9    #######
 Passage of Golubria      Tloc           Unusable     N/A         4    N/A

Dungeon Overview and Level Annotations

Branches:
Dungeon (15/15)            Temple (1/1) D:5            Lair (6/6) D:9
  Swamp (4/4) Lair:2        Snake (4/4) Lair:4        Slime (5/5) Lair:6
    Orc (2/2) D:12            Elf (3/3) Orc:2        Vaults (5/5) D:13
  Crypt (3/3) Vaults:2       Tomb (0/3) Crypt:3      Depths (5/5) D:15
    Zot (5/5) Depths:5

Altars:
Ashenzari
Cheibriados
Dithmenos
Elyvilon
Fedhas
Gozag
Hepliaklqana
Kikubaaqudgha
Makhleb
Nemelex Xobeh
Okawaru
Qazlal
Ru
Sif Muna
Trog
Uskayaw
Vehumet
Wu Jian
Xom
Yredelemnul
Zin
The Shining One
Beogh
Jiyva

Shops:
D:3 *   D:4 %(   D:8 %   Orc:2 *}%(:!=?   Elf:1 !=}=   Snake:1 [   Snake:2 *(
Vaults:4 (   Vaults:5 !?!   Depths:1 ?[[(

Portals:
Hell: Depths:1 Depths:2 Depths:3 Depths:4 Depths:5
Abyss: Depths:3 Depths:4 Depths:5
Pandemonium: Depths:3
Ziggurat: Depths:2

Annotations:
D:13 1 runed door, lis82's ghost, journeyman DgFi
Lair:2 3 runed doors, Xiuny's ghost, journeyman GrFi
Lair:6 exclusion: 4 oklob plants
Snake:4 3 runed doors
Elf:2 3 runed doors
Crypt:2 1 runed door, Xeamporr's ghost, veteran GrFi
Abyss:1 Eustachio


Innate Abilities, Weirdness & Mutations

Your life essence is reduced to manifest your ancestor. (-10% HP)
You are partially covered in molten scales. (AC +2)
You can translocate small distances at will.
Potions are less effective at restoring your health.


Message History

You puncture the chaos spawn!
The chaos spawn is almost dead.
You block the chaos spawn's attack.
Urist McKnight hits the chaos spawn but does no damage.
You hit the chaos spawn.
The chaos spawn is almost dead.
You puncture the chaos spawn!
You kill the chaos spawn!
The chaos spawn degenerates into a cloud of primal chaos!
There is a stone staircase leading up here.
No target in view!
Urist McKnight is engulfed in seething chaos.
Urist McKnight seems to speed up.
You climb upwards.
There is a stone staircase leading down here.
HP restored.
You see here a +0 club.
There is a staircase leading out of the dungeon here.
Urist McKnight is recalled.
You have escaped!

.(#####.########.###.#
........# #.# #.#
..####### #)# #.# .##
##.###.# ..# #...##.#
#.# #...##.# #.#
##...##.# ..#
#.....#.# ..#
#..@..### ..# #.R...#
..# ##.).## ###### ..#
#...# #..... #.##
#...# #.#### ...#
##.### #.# ...## #.#.#
#.# .#..# #.#.# #.#
###.# ##.#.##### #.#


You could see the friendly Urist McKnight the knight.

Vanquished Creatures
  2 orbs of fire (Zot:5)
  3 ancient liches
  A juggernaut (Depths:4)
  Sojobo (Vaults:4)
  The ghost of GordonOverkill the Slayer, a veteran DgWn (Zot:2)
  2 curse toes
  6 Killer Klowns
  6 caustic shrikes
  3 golden dragons
  the Enchantress (Depths:5)
  4 electric golems
  8 tentacled monstrosities
  6 liches
  18 Orb Guardians
  A tentacled starspawn (Abyss:2)
  4 quicksilver dragons
  Gastronok (D:9)
  5 titans
  7 acid blobs
  4 ancient champions
  4 death cobs
  3 sphinxes
  Kirke (D:14)
  8 tengu reavers
  Frances (Snake:2)
  A shadow dragon (Zot:1)
  8 storm dragons
  2 thorn hunters
  6 draconian monks
  3 revenants
  2 azure jellies (Slime:5)
  9 fire giants
  14 vault wardens
  2 ghost moths
  4 nagarajas
  2 draconian scorchers
  10 frost giants
  5 deep elf sorcerers
  3 draconian knights
  3 deep elf elementalists
  3 ghouls
  A curse skull (Crypt:3)
  2 iron dragons
  A draconian shifter (Zot:4)
  4 draconian stormcallers
  17 stone giants
  10 ironheart preservers
  3 spriggan defenders (Depths:5)
  3 entropy weavers
  10 green draconians
  2 war gargoyles (Vaults:5)
  16 very ugly things
  4 draconian annihilators
  3 deep elf demonologists
  5 black draconians
  5 vampire knights
  7 purple draconians
  4 deep elf annihilators
  6 white draconians
  6 yellow draconians
  8 red draconians
  7 ettins
  A spectral quicksilver dragon (Vaults:1)
  3 fire dragons
  4 deep elf high priests (Elf:3)
  7 death oozes
  4 eidola
  14 ogre magi
  17 jiangshi
  2 rakshasas
  24 vault guards
  5 yaktaur captains
  Erolcha (D:9)
  Fannar (D:10)
  11 great orbs of eyes
  7 naga warriors
  A great orb of eyes (shapeshifter) (Vaults:5)
  2 shambling mangroves
  9 ice dragons
  5 spriggan air magi
  3 ghost crabs (Swamp:3)
  8 anacondas
  18 hydras
  10 centaur warriors
  A spectral stone giant (Crypt:3)
  22 two-headed ogres
  6 death knights
  2 hell hogs (Abyss:2)
  15 dancing weapons
  14 alligators
  7 deep troll shamans
  5 vampire magi
  6 death yaks
  A satyr (shapeshifter) (Depths:4)
  4 deep troll earth magi
  3 tengu warriors
  A thrashing horror (Abyss:2)
  A queen ant (Lair:6)
  4 spriggan berserkers
  11 naga sharpshooters
  5 shock serpents
  2 spriggans
  4 iron trolls
  8 hell knights
  A spectral yaktaur (Vaults:1)
  Urug (Lair:1)
  15 deep elf knights
  A wretched star (Abyss:2)
  28 skeletal warriors
  A spatial maelstrom (Abyss:2)
  4 shadow wraiths
  A quicksilver dragon simulacrum (Vaults:1)
  8 swamp dragons
  2 glowing orange brains
  2 flayed ghosts
  2 spriggan druids
  4 ironbrand convokers
  An unseen horror (Depths:4)
  6 naga ritualists
  12 deep trolls
  13 deep elf archers
  6 harpies
  2 wizards (Vaults:1)
  A lindwurm (shapeshifter) (Vaults:2)
  4 necromancers
  2 wolf spiders
  46 deep elf magi
  6 phantasmal warriors
  9 orc knights
  3 mana vipers
  A mana viper (shapeshifter) (Vaults:4)
  6 orc sorcerers
  A shining eye (Slime:5)
  A manticore (D:15)
  20 ugly things
  15 moths of wrath
  8 cyclopes
  2 elephants (Lair:4)
  2 fire giant skeletons
  A black mamba (shapeshifter) (Depths:3)
  An ice statue (IceCv)
  A knight (Depths:4)
  10 naga magi
  A shock serpent zombie (Crypt:2)
  12 guardian serpents
  3 salamanders
  24 black mambas
  2 apocalypse crabs (Swamp:3)
  Joseph (D:9)
  A toenail golem (D:11)
  Psyche (D:10)
  6 vault sentinels
  An eye of devastation (Slime:5)
  A gargoyle (D:15)
  A smoke demon (Abyss:2)
  15 spiny frogs
  A rime drake (shapeshifter) (Depths:2)
  4 spectral swamp worms (Depths:4)
  A kobold demonologist (D:13)
  An efreet (D:13)
  A rime drake (Lair:1)
  6 komodo dragons
  A komodo dragon (shapeshifter) (Depths:5)
  8 freezing wraiths
  24 yaktaurs
  2 queen bees (shapeshifter)
  2 tengu conjurers
  12 trolls
  A golden dragon simulacrum (Vaults:1)
  4 ancient zymes (Abyss:2)
  A wind drake (shapeshifter) (D:14)
  2 human skeletons
  9 polar bears
  A sphinx simulacrum (Vaults:1)
  3 hornets
  8 tyrant leeches
  3 bog bodies
  8 blink frogs
  3 raiju
  32 slime creatures
  2 hippogriffs (shapeshifter)
  4 hippogriffs
  A deep troll zombie (D:15)
  A centaur simulacrum (D:15)
  A dream sheep (shapeshifter) (Depths:5)
  36 flying skulls
  An air elemental (Elf:3)
  An ettin skeleton (Crypt:2)
  A vampire (D:13)
  A tarantella (shapeshifter) (Vaults:5)
  A spriggan (shapeshifter) (Elf:3)
  11 shadows
  An ice dragon skeleton (Vaults:1)
  8 water elementals
  5 wraiths
  A ynoxinul (Abyss:2)
  A tyrant leech zombie (Crypt:1)
  3 wyverns
  10 yaks
  10 humans
  A basilisk (Lair:6)
  9 large abominations
  Grum (D:11)
  A basilisk (shapeshifter) (Vaults:2)
  3 hungry ghosts
  27 vampire mosquitoes
  A spatial vortex (Abyss:2)
  4 chaos spawn
  10 swamp worms
  11 insubstantial wisps
  10 wargs
  14 soldier ants
  3 acid dragons
  2 tengu zombies
  36 nagas
  10 hell hounds (Lair:6)
  3 porcupines
  2 floating eyes (shapeshifter)
  6 water moccasins
  5 swamp drakes
  A floating eye (Depths:4)
  27 orc warriors
  3 sky beasts
  8 black bears (Lair:6)
  12 ice beasts
  A swamp dragon zombie (Crypt:1)
  2 eyes of draining
  4 phantoms
  36 ogres
  14 centaurs
  6 boggarts
  3 necrophages
  16 wolves
  5 crocodiles
  A fire crab zombie (Crypt:2)
  A rime drake skeleton (Crypt:2)
  19 bullfrogs
  A gnoll sergeant (D:11)
  2 earth elementals
  A water moccasin zombie (Crypt:1)
  2 scorpions
  5 small abominations
  An orc simulacrum (Vaults:1)
  7 howler monkeys
  6 wights
  A wolf zombie (Crypt:1)
  A bullfrog zombie (D:12)
  2 centaur zombies
  2 human simulacra (Vaults:1)
  A human zombie (Crypt:2)
  2 quasits
  5 crimson imps
  A bullfrog skeleton (D:6)
  6 hounds
  24 orc wizards
  5 centaur skeletons
  11 orc priests
  A gnoll shaman (D:5)
  8 jellies
  An iron imp (Depths:5)
  3 iguanas
  4 hell rats (Lair:6)
  19 worker ants
  A porcupine skeleton (Crypt:1)
  A worker ant (shapeshifter) (Vaults:3)
  A troll simulacrum (Crypt:3)
  A big kobold skeleton (Crypt:1)
  2 worker ant zombies
  2 howler monkey skeletons
  8 adders
  9 gnolls
  9 river rats (D:5)
  7 shadow imps
  10 white imps
  4 oozes
  An adder skeleton (D:9)
  5 worms
  A barachi skeleton (Crypt:2)
  3 dart slugs
  8 leopard geckos
  68 orcs
  7 bats
  6 giant cockroaches
  9 goblins
  11 hobgoblins
  7 jackals
  2 kobolds
  8 quokkas
  A ball python skeleton (D:5)
  8 frilled lizards
  An orc skeleton (Crypt:2)
  An orc zombie (Crypt:2)
  A quokka zombie (D:6)
  19 rats
  3 crawling corpses
  2 fungi (Swamp:1)
1805 creatures vanquished.

Vanquished Creatures (collateral kills)
  the Royal Jelly (Slime:5)
  4 orbs of fire (Zot:5)
  3 ancient liches
  A juggernaut (Depths:2)
  3 Killer Klowns (Zot:4)
  Saint Roka (Depths:1)
  5 caustic shrikes
  Vashnia (Snake:2)
  A curse toe (Zot:1)
  Nikola (Depths:3)
  5 golden dragons
  A profane servitor (Crypt:3)
  2 bone dragons
  The ghost of Faosin the Champion of Chaos, an adept DDFi of Makhleb (Zot:1)
  An electric golem (Zot:2)
  4 liches
  9 Orb Guardians
  8 tentacled monstrosities
  4 quicksilver dragons
  2 deep elf blademasters (Elf:3)
  An acid blob (Slime:5)
  An Executioner (Abyss:2)
  A sphinx (Depths:2)
  2 death cobs
  4 shadow dragons
  A thorn hunter (Swamp:4)
  A tentacled starspawn (Abyss:2)
  3 ancient champions
  2 tengu reavers (Vaults:4)
  Agnes (D:15)
  4 nagarajas (Snake:4)
  2 revenants
  5 storm dragons
  An azure jelly (Slime:5)
  3 frost giants
  2 fire giants
  5 deep elf sorcerers
  11 vault wardens
  A juggernaut zombie (D:15)
  2 draconian knights
  A ghost moth (Zot:4)
  A draconian stormcaller (Depths:5)
  2 draconian shifters
  3 ghouls
  A deep elf elementalist (Elf:3)
  11 ironheart preservers
  A spriggan defender (Depths:5)
  8 very ugly things
  3 green draconians
  12 stone giants
  A vampire knight (Crypt:2)
  3 black draconians
  A spectral titan (Vaults:1)
  A deep elf demonologist (Depths:2)
  5 deep elf annihilators
  A red draconian (Zot:1)
  5 purple draconians
  A spark wasp (Depths:4)
  4 white draconians
  3 yellow draconians
  5 ettins
  5 fire dragons
  8 jiangshi
  5 deep elf death magi
  3 great orbs of eyes
  6 yaktaur captains
  5 death oozes (Slime:5)
  A spectral golden dragon (Crypt:3)
  3 hydras
  12 vault guards
  3 rakshasas
  9 ice dragons
  A centaur warrior (D:13)
  4 anacondas
  A naga warrior (Snake:2)
  4 spriggan air magi
  3 ghost crabs (Swamp:3)
  5 death knights
  The ghost of AnimeWaifu the Nimble, a journeyman FeSu of Ashenzari (Orc:1)
  3 deep troll shamans
  7 alligators
  11 ogre magi
  6 dancing weapons
  A deep troll earth mage (Depths:4)
  A tengu warrior (Depths:2)
  25 two-headed ogres
  4 shock serpents
  4 vampire magi
  2 hell hogs (Abyss:2)
  10 naga sharpshooters
  3 hell knights
  A death yak (Lair:3)
  7 deep elf knights
  4 iron trolls
  2 spriggans
  3 spectral humans
  3 shadow wraiths
  A glowing orange brain (Depths:1)
  17 skeletal warriors
  9 deep trolls
  4 flayed ghosts
  4 spriggan druids (Swamp:3)
  An unseen horror (shapeshifter) (Vaults:1)
  7 swamp dragons
  6 naga ritualists
  3 unseen horrors
  8 deep elf archers
  2 lindwurms (Swamp:4)
  3 necromancers
  2 phantasmal warriors
  A lindwurm (shapeshifter) (Depths:2)
  6 orc knights
  4 harpies
  A harpy (shapeshifter) (Vaults:2)
  4 ironbrand convokers
  2 mana vipers
  13 deep elf magi
  A wolf spider (Vaults:1)
  An orc sorcerer (Vaults:3)
  A shining eye (Slime:3)
  A salamander (Snake:2)
  6 ugly things
  A manticore (D:14)
  An ice statue (IceCv)
  An elephant (Lair:4)
  2 cyclopes
  10 black mambas
  An elephant (shapeshifter) (Depths:1)
  5 moths of wrath
  A stone giant skeleton (D:15)
  3 guardian serpents (Snake:4)
  A black mamba (shapeshifter) (Depths:5)
  A titan simulacrum (Vaults:1)
  6 spiny frogs
  9 naga magi
  2 apocalypse crabs (Swamp:3)
  A spiny frog (shapeshifter) (Vaults:2)
  A spectral elf (Vaults:1)
  3 centaur skeletons
  5 vault sentinels
  A spectral swamp worm (Depths:4)
  6 freezing wraiths
  A komodo dragon (Lair:2)
  A tengu conjurer (D:14)
  2 rime drakes (IceCv)
  20 yaktaurs
  2 ancient zymes (Abyss:2)
  A spectral deep troll (Vaults:1)
  6 trolls
  A harpy zombie (Crypt:1)
  5 hornets
  A meliai (Lair:5)
  An iron troll skeleton (Crypt:1)
  2 polar bears (Lair:6)
  4 tyrant leeches
  3 raiju
  5 blink frogs
  4 large abominations
  6 bog bodies
  23 slime creatures
  A frost giant simulacrum (Vaults:1)
  4 hippogriffs
  A redback (Vaults:4)
  A shadow (Swamp:3)
  19 flying skulls
  A wyvern (Lair:6)
  An air elemental (Elf:2)
  A vampire (D:11)
  5 wraiths
  An elf simulacrum (Vaults:1)
  2 water elementals (Depths:5)
  5 humans
  2 neqoxecs (Abyss:2)
  2 yaks (Lair:1)
  A fire elemental (Elf:1)
  13 vampire mosquitoes
  A chaos spawn (Abyss:2)
  5 hungry ghosts
  A yaktaur simulacrum (Vaults:1)
  A steam dragon (D:11)
  2 wargs
  A spatial vortex (Abyss:2)
  16 nagas
  4 swamp worms
  2 soldier ants (Lair:6)
  3 insubstantial wisps (Swamp:1)
  7 water moccasins
  2 porcupines
  3 hell hounds (Lair:6)
  5 swamp drakes
  A black bear (shapeshifter) (Vaults:5)
  11 orc warriors
  9 ice beasts
  4 black bears
  An elephant zombie (Crypt:2)
  18 ogres
  An ettin simulacrum (Vaults:1)
  An eye of draining (Slime:5)
  2 necrophages (Crypt:3)
  3 small abominations
  4 wolves
  5 centaurs
  3 boggarts (Depths:2)
  4 crocodiles
  2 bullfrogs
  2 earth elementals
  A wyvern skeleton (D:6)
  8 wights
  A swamp dragon simulacrum (Abyss:2)
  3 electric eels
  A howler monkey (D:9)
  3 crimson imps
  A quasit (Abyss:2)
  A jelly (D:15)
  4 orc priests
  13 orc wizards
  7 worker ants (Lair:6)
  2 gnolls
  2 white imps
  A halfling zombie (Crypt:2)
  A leopard gecko (D:6)
  33 orcs
  3 jackals
  4 quokkas
  2 crawling corpses
  A fungus (Swamp:1)
  A plant (Zot:2)
  6 withered plants
900 creatures vanquished.

Vanquished Creatures (others)
  The ghost of magipi the Spear-Bearer, an adept DrFE of Makhleb (Vaults:1)
  A lich (Depths:3)
  A draconian monk (Zot:1)
  A tengu reaver (Vaults:5)
  A stone giant (Vaults:2)
  A vampire knight (Depths:5)
  A black draconian (Zot:1)
  A purple draconian (Zot:1)
  A deep elf annihilator (Elf:3)
  A fire dragon (Depths:2)
  2 ogre magi (Depths:3)
  5 yaktaur captains
  A centaur warrior (Vaults:2)
  A cherub (D:6)
  3 deep elf archers
  An ironbrand convoker (Vaults:2)
  A harpy (Vaults:5)
  A lindwurm (Swamp:4)
  A deep elf mage (Elf:3)
  A black mamba (Snake:3)
  3 vault sentinels
  11 yaktaurs
  A bog body (Swamp:3)
  A ynoxinul (Abyss:2)
  6 humans (D:15)
  An orc warrior (Vaults:1)
  A boggart (Vaults:1)
  A centaur (Depths:2)
  32 knights
  An adder (D:4)
  3 orcs
  19 fungi
  48 plants
  A spectral weapon (Zot:1)
  6 starspawn tentacles (Abyss:2)
  33 withered plants
195 creatures vanquished.

Grand Total: 2900 creatures vanquished

Notes
Turn   | Place    | Note
-------+----------+-------------------------------------------
     0 | D:1      | EnegeticOcto the Human Monk began the quest for the Orb.
     0 | D:1      | Reached XP level 1. HP: 18/18 MP: 1/1
   103 | D:1      | Reached XP level 2. HP: 18/24 MP: 2/2
   382 | D:1      | Reached XP level 3. HP: 29/29 MP: 3/3
  1480 | D:2      | Reached XP level 4. HP: 36/37 MP: 4/4
  1501 | D:2      | Reached skill level 4 in Fighting
  2256 | D:2      | Reached XP level 5. HP: 41/42 MP: 5/5
  3162 | D:3      | Found an opulent altar of Gozag.
  3165 | D:3      | Found Gozag's Platinum Reserve.
  4278 | D:3      | Reached XP level 6. HP: 46/50 MP: 6/6
  4553 | D:4      | Noticed a phantom
  4679 | D:3      | Killed a phantom
  4679 | D:3      | Reached skill level 5 in Fighting
  4679 | D:3      | Reached skill level 5 in Polearms
  4679 | D:3      | Reached skill level 1 in Evocations
  4869 | D:4      | Found Ethinoofeu's Food Shop.
  5181 | D:4      | Got a scorched dagger
  5182 | D:4      | Identified the +3 dagger of Esugryi {distort, rC+ Str+2}
                  | (You found it on level 4 of the Dungeon)
  5198 | D:4      | Got a distressingly furry helmet
  5204 | D:4      | Identified the +0 helmet of Beogh's Castigation {Int-2 SInv
                  | Stlth+} (You found it on level 4 of the Dungeon)
  5308 | D:4      | Reached XP level 7. HP: 42/56 MP: 8/8
  5636 | D:4      | Found Hypsaunt's Antique Weapon Shoppe.
  6022 | D:4      | Found a burning altar of Makhleb.
  6022 | D:4      | Found a shattered altar of Ashenzari.
  6150 | D:5      | Entered Level 5 of the Dungeon
  6211 | D:5      | Noticed Eustachio
  6433 | D:5      | Banished Eustachio
  6433 | D:5      | Reached XP level 8. HP: 64/64 MP: 8/11
  6689 | D:4      | Bought a runed trident for 175 gold pieces
  6717 | D:4      | Gained mutation: You tend to lose your temper in combat.
                  | [mutagenic glow]
  6740 | D:4      | Gained mutation: You are weak. (Str -2) [mutagenic glow]
  6769 | D:4      | Gained mutation: You are clumsy. (Dex -2) [mutagenic glow]
  6939 | D:4      | Lost mutation: You are weak. (Str -2) [potion of mutation]
  6939 | D:4      | Lost mutation: You tend to lose your temper in combat.
                  | [potion of mutation]
  6939 | D:4      | Gained mutation: You expend magic power (3 MP) to
                  | strengthen your wands. [potion of mutation]
  6939 | D:4      | Gained mutation: Your flesh is heat resistant. (rF+)
                  | [potion of mutation]
  6990 | D:5      | Found a staircase to the Ecumenical Temple.
  6999 | Temple   | Entered the Ecumenical Temple
  7119 | Temple   | Became a worshipper of Hepliaklqana the Forgotten
  7119 | Temple   | Reached * piety under Hepliaklqana
  7119 | Temple   | Reached ** piety under Hepliaklqana
  7120 | Temple   | Remembered your ancestor Urist McKnight as a knight
  7141 | D:5      | Reached skill level 6 in Fighting
  7141 | D:5      | Reached skill level 5 in Evocations
  7637 | D:5      | Reached XP level 9. HP: 59/63 MP: 13/13
  8080 | D:6      | Reached skill level 7 in Fighting
  8570 | D:6      | Reached XP level 10. HP: 65/71 MP: 16/16
  9061 | D:7      | Learned a level 1 spell: Apportation
  9132 | D:7      | Reached skill level 8 in Fighting
  9370 | D:7      | Reached *** piety under Hepliaklqana
  9923 | D:8      | Found Tuorya's Food Boutique.
  9969 | D:8      | Found a white marble altar of Elyvilon.
  9972 | D:8      | Noticed a two-headed ogre
  9988 | D:8      | Killed a two-headed ogre
 10260 | D:8      | Reached skill level 10 in Evocations
 10761 | D:8      | Reached skill level 9 in Fighting
 10940 | D:8      | Identified a scroll of acquirement
 10990 | D:9      | Noticed Joseph
 11000 | D:9      | Reached XP level 11. HP: 50/80 MP: 12/18
 11008 | D:9      | Killed Joseph
 11026 | D:9      | Noticed a two-headed ogre
 11235 | D:9      | Noticed Erolcha
 11255 | D:9      | Killed Erolcha
 11286 | D:9      | Reached skill level 10 in Polearms
 11297 | D:9      | Reached skill level 10 in Fighting
 11441 | D:9      | Noticed Gastronok
 11443 | D:9      | Found a staircase to the Lair.
 11460 | D:9      | Killed Gastronok
 11669 | D:9      | Killed a two-headed ogre
 11775 | D:9      | Reached **** piety under Hepliaklqana
 11807 | D:9      | Found a shadowy altar of Dithmenos.
 11914 | D:9      | Found an ornate altar of the Wu Jian Council.
 12048 | D:10     | Entered Level 10 of the Dungeon
 12054 | D:10     | Reached skill level 11 in Fighting
 12081 | D:10     | Reached skill level 1 in Invocations
 12280 | D:10     | Reached XP level 12. HP: 90/90 MP: 19/19
 12492 | D:10     | Noticed Fannar
 12510 | D:10     | Killed Fannar
 13215 | D:10     | Noticed Psyche
 13223 | D:10     | Killed Psyche
 13332 | Lair:1   | Entered Level 1 of the Lair of Beasts
 13496 | Lair:1   | Noticed Urug
 13731 | Lair:1   | Killed Urug
 13890 | Lair:1   | Noticed a seven-headed hydra
 13900 | Lair:1   | Killed a seven-headed hydra
 13900 | Lair:1   | Reached skill level 5 in Invocations
 14581 | Lair:2   | Reached ***** piety under Hepliaklqana
 14581 | Lair:2   | Noticed a minotaur
 14598 | Lair:2   | Found a staircase to the Swamp.
 14767 | Lair:2   | Noticed Xiuny's ghost (journeyman GrFi)
 14771 | Lair:2   | Noticed a five-headed hydra
 14792 | Lair:2   | Found a runed gate.
 14792 | Lair:2   | Found a runed gate.
 14792 | Lair:2   | Found a runed gate.
 14904 | Lair:2   | Reached skill level 12 in Fighting
 15333 | Lair:2   | Reached skill level 1 in Shields
 16088 | Lair:3   | Reached XP level 13. HP: 97/97 MP: 20/20
 16186 | Lair:3   | Noticed an eight-headed hydra
 16195 | Lair:3   | Killed an eight-headed hydra
 16921 | Lair:4   | Found a staircase to the Snake Pit.
 18754 | Lair:5   | Noticed Nessos
 18756 | Lair:5   | Noticed Nessos
 18756 | Lair:5   | Nessos changed into Nessos the fire crab
 18757 | Lair:5   | Noticed Nessos
 18757 | Lair:5   | Nessos the fire crab changed into Nessos the meliai
 18762 | Lair:5   | Killed Nessos the meliai
 18772 | Lair:5   | Reached skill level 5 in Shields
 19054 | Lair:5   | Reached ****** piety under Hepliaklqana
 19556 | Lair:6   | Entered Level 6 of the Lair of Beasts
 19660 | Lair:6   | Found a staircase to the Slime Pits.
 19707 | Lair:6   | Noticed a six-headed hydra
 19729 | Lair:6   | Killed a six-headed hydra
 19729 | Lair:6   | Reached skill level 13 in Fighting
 19787 | Lair:6   | Got a crude great mace
 19790 | Lair:6   | Identified the cursed +0 great mace of Pyhesh {freeze,
                  | rElec Dex+2} (You found it on level 6 of the Lair of
                  | Beasts)
 20616 | Lair:6   | Reached XP level 14. HP: 106/106 MP: 21/21
 20645 | Lair:6   | HP: 2/106 [electric eel/bolt of electricity (7)]
 22137 | Lair:6   | Noticed an entropy weaver
 22153 | Lair:6   | Killed an entropy weaver
 23209 | Lair:6   | Noticed an entropy weaver
 23223 | Lair:6   | Killed an entropy weaver
 24844 | Lair:6   | Reached skill level 10 in Invocations
 25747 | D:11     | Got a pair of jewelled gloves
 26028 | D:11     | Noticed Grum
 26038 | D:11     | Killed Grum
 26246 | D:11     | Reached XP level 15. HP: 112/112 MP: 22/22
 26864 | D:11     | Identified the +1 pair of gloves of Evolution {*Contam MR+
                  | Int+4 Dex+4} (You found it on level 11 of the Dungeon)
 27066 | D:12     | Reached skill level 14 in Fighting
 27541 | D:12     | Found a staircase to the Orcish Mines.
 27733 | D:12     | Found Lollol's Magic Scroll Shop.
 28364 | Orc:1    | Entered Level 1 of the Orcish Mines
 28364 | Orc:1    | Found a roughly hewn altar of Beogh.
 29348 | Orc:2    | Entered Level 2 of the Orcish Mines
 29701 | Orc:2    | Found Qiaximi's Magic Scroll Emporium.
 29713 | Orc:2    | Bought a scroll of fog for 24 gold pieces
 29775 | Orc:2    | Found Berphe Oklo's Jewellery Shoppe.
 29829 | Orc:2    | Found a staircase to the Elven Halls.
 29829 | Orc:2    | Found Comuusu's Distillery.
 29838 | Orc:2    | Found Fedam's Antique Weapon Emporium.
 29838 | Orc:2    | Found Amurinew's Assorted Antiques.
 29875 | Orc:2    | Noticed a stone giant
 30206 | Orc:1    | Found a runed door.
 30206 | Orc:1    | Noticed AnimeWaifu's ghost (journeyman FeSu)
 30270 | Orc:1    | Killed AnimeWaifu's ghost
 30273 | Orc:1    | Got a sparkling marble ring
 30300 | Orc:2    | Bought a scroll of identify for 24 gold pieces
 30300 | Orc:2    | Identified the ring of Uskayaw's Regard {+Inv rF- MR+ Str+2
                  | Dex+3} (You found it on level 1 of the Orcish Mines)
 30713 | Orc:2    | Killed a stone giant
 31397 | Orc:2    | Reached skill level 10 in Shields
 31567 | Orc:2    | Found Axilinte's Gadget Shop.
 31568 | Orc:2    | Found Wogeg's Food Shop.
 31588 | Orc:2    | Found Peucus's Book Boutique.
 31721 | Orc:2    | Noticed a stone giant
 31736 | Orc:2    | Killed a stone giant
 31736 | Orc:2    | Reached XP level 16. HP: 82/120 MP: 22/25
 31899 | Orc:2    | Bought a scorched tin ring for 125 gold pieces
 31899 | Orc:2    | Bought a runed plate armour for 650 gold pieces
 31899 | Orc:2    | Bought a scroll of acquirement for 1300 gold pieces
 31911 | Orc:2    | Identified the ring of Baps {-Tele rC+ rN+ Slay+2} (You
                  | bought it in a shop on level 2 of the Orcish Mines)
 31920 | Orc:2    | Got a scorched spear
 31921 | Orc:2    | Identified the +3 spear of the Four Cities {chaos, rPois
                  | rF- Dex+4} (You acquired it on level 2 of the Orcish Mines)
 32045 | D:13     | Reached skill level 15 in Fighting
 32171 | D:13     | Reached skill level 1 in Armour
 32865 | D:13     | Found a runed door.
 32872 | D:13     | Noticed lis82's ghost (journeyman DgFi)
 33456 | D:13     | Found a gate to the Vaults.
 34143 | D:14     | Found a frozen archway.
 34158 | IceCv    | Entered an ice cave
 35174 | IceCv    | Got a smoking steel ring
 35175 | IceCv    | Identified the ring "Hohofa" {Ice rElec Str+3 Int+4 Dex+2}
                  | (You found it in an ice cave)
 35254 | D:14     | Reached skill level 5 in Armour
 35382 | D:14     | Found an ornate altar of the Wu Jian Council.
 35794 | D:15     | Entered Level 15 of the Dungeon
 35794 | D:15     | Noticed Kirke
 35811 | D:14     | Killed Kirke
 35887 | D:15     | Noticed Agnes
 35892 | D:15     | Killed Agnes
 36107 | D:14     | Upgraded the game from 0.23-a0-629-gae4348f6cf to
                  | 0.23-a0-635-g88ca12a7de
 36763 | D:15     | Reached XP level 17. HP: 107/127 MP: 26/26
 36835 | D:15     | Found a staircase to the Depths.
 37609 | Snake:1  | Entered Level 1 of the Snake Pit
 38779 | Snake:1  | Found Milaed Xitu's Antique Armour Boutique.
 38788 | Snake:1  | Bought a crude plate armour for 644 gold pieces
 38788 | Snake:1  | Identified the +6 plate armour "Yhehoawi" {Str+3} (You
                  | bought it in a shop on level 1 of the Snake Pit)
 38960 | Snake:2  | Noticed Frances
 39504 | Snake:2  | Killed Frances
 39728 | Snake:2  | Found Cerro's Weapon Boutique.
 42018 | Snake:2  | Found Tadwat's Assorted Antiques.
 42745 | Snake:3  | Noticed Vashnia
 43002 | Snake:2  | Killed Vashnia
 43313 | Snake:3  | Reached skill level 15 in Shields
 43319 | Snake:3  | Learned a level 1 spell: Summon Butterflies
 43322 | Snake:3  | Learned a level 2 spell: Blink
 43328 | Snake:3  | Learned a level 5 spell: Summon Mana Viper
 43565 | Snake:3  | Reached skill level 1 in Translocations
 43581 | Snake:3  | Reached XP level 18. HP: 80/134 MP: 27/27
 45135 | Snake:4  | Entered Level 4 of the Snake Pit
 45307 | Snake:4  | Reached skill level 5 in Dodging
 45420 | Snake:4  | Found a glowing golden altar of the Shining One.
 46579 | Snake:4  | Reached skill level 5 in Translocations
 47654 | Snake:4  | Found a runed gate.
 47654 | Snake:4  | Found a runed gate.
 47654 | Snake:4  | Found a runed gate.
 48063 | Swamp:1  | Entered Level 1 of the Swamp
 48383 | Swamp:1  | Reached skill level 16 in Fighting
 48780 | Swamp:1  | Learned a level 4 spell: Summon Lightning Spire
 48893 | Swamp:1  | Reached XP level 19. HP: 135/141 MP: 28/28
 49031 | Swamp:1  | Reached skill level 1 in Air Magic
 49179 | Swamp:1  | Reached skill level 1 in Spellcasting
 49938 | Swamp:2  | Reached skill level 1 in Summonings
 50139 | Swamp:2  | Identified the +2 pair of gloves "Lead" {rPois rCorr Int-2
                  | Dex+5} (You found it on level 2 of the Swamp)
 50262 | Swamp:2  | Paralysed by a hornet for 1 turns
 50429 | Swamp:2  | Found a hazy altar of Hepliaklqana.
 52073 | Swamp:3  | Found a runed door.
 53770 | Swamp:3  | Paralysed by you for 5 turns
 53911 | Swamp:4  | Entered Level 4 of the Swamp
 54032 | Swamp:4  | Reached skill level 5 in Air Magic
 54335 | Swamp:4  | Reached skill level 5 in Spellcasting
 54983 | Swamp:4  | Reached XP level 20. HP: 104/149 MP: 29/29
 55322 | Swamp:4  | Reached skill level 5 in Summonings
 55626 | Swamp:4  | Got a decaying rune of Zot
 57714 | Snake:4  | Got a serpentine rune of Zot
 58208 | Elf:1    | Entered Level 1 of the Elven Halls
 58476 | Elf:1    | Found Daply's Jewellery Shoppe.
 58477 | Elf:1    | Found Qaydeymp's Gadget Boutique.
 58478 | Elf:1    | Found Xenymues's Jewellery Shoppe.
 58579 | Elf:1    | Noticed a Tzitzimitl
 59092 | Elf:1    | Reached skill level 17 in Fighting
 60060 | Elf:1    | Found Astinump's Distillery.
 60139 | Elf:1    | Bought the ring "Awkil" {rPois rC+ rN++ AC+4} for 776 gold
                  | pieces
 60273 | Elf:2    | Found a runed gate.
 60275 | Elf:2    | Found a runed gate.
 60276 | Elf:2    | Found a runed gate.
 61306 | Elf:2    | Reached XP level 21. HP: 156/156 MP: 33/33
 61612 | Vaults:1 | Entered Level 1 of the Vaults
 62847 | Vaults:1 | Reached skill level 10 in Summonings
 62909 | Vaults:1 | Reached skill level 10 in Armour
 63284 | Vaults:1 | Reached skill level 10 in Spellcasting
 63682 | Vaults:1 | Found a runed gate.
 63683 | Vaults:1 | Found a runed gate.
 63683 | Vaults:1 | Found a runed gate.
 63699 | Vaults:1 | Noticed magipi's ghost (adept DrFE)
 63773 | Vaults:1 | Reached XP level 22. HP: 124/164 MP: 22/36
 64594 | Vaults:1 | Reached skill level 18 in Fighting
 64642 | Vaults:1 | Killed magipi's ghost
 64807 | Vaults:1 | Reached XP level 23. HP: 141/171 MP: 37/37
 64812 | Vaults:1 | Got a scorched helmet
 64813 | Vaults:1 | Identified the +1 helmet "Xexin" {rPois rCorr MP+9 Str-2}
                  | (You found it on level 1 of the Vaults)
 64956 | Vaults:2 | Reached skill level 5 in Hexes
 65374 | Vaults:2 | Learned a level 5 spell: Silence
 65381 | Vaults:2 | Learned a level 6 spell: Deflect Missiles
 67325 | Vaults:2 | Found a staircase to the Crypt.
 68879 | Vaults:4 | Reached XP level 24. HP: 179/179 MP: 37/37
 69502 | Vaults:4 | Found Teotefe's Weapon Boutique.
 69940 | Vaults:4 | Reached skill level 10 in Translocations
 70248 | Vaults:4 | Noticed Sojobo
 70277 | Vaults:4 | Killed Sojobo
 70277 | Vaults:4 | Reached skill level 19 in Fighting
 71044 | Depths:1 | Entered Level 1 of the Depths
 71568 | Depths:1 | Found a snail-covered altar of Cheibriados.
 71586 | Depths:1 | Noticed Saint Roka
 71632 | Depths:1 | Killed Saint Roka
 71862 | Depths:1 | Found Qatzischi's Antique Armour Shop.
 72089 | Depths:1 | Found Byruurakhla's Antique Weapon Shop.
 72089 | Depths:1 | Found Jaomn's Magic Scroll Boutique.
 72095 | Depths:1 | Found Wauhuzoics's Antique Armour Boutique.
 72423 | Depths:1 | Reached skill level 20 in Fighting
 72621 | Depths:1 | Found a gateway to Hell.
 72882 | Depths:2 | Learned a level 3 spell: Spectral Weapon
 73263 | Depths:2 | Identified the +5 hand crossbow of the Enemy {speed, Str+3}
                  | (You found it on level 2 of the Depths)
 73313 | Depths:1 | Bought a scroll of acquirement for 884 gold pieces
 73320 | Depths:1 | Bought a runed shield for 142 gold pieces
 73320 | Depths:1 | Bought a faintly humming plate armour for 532 gold pieces
 73333 | Depths:1 | Identified the cursed +0 plate armour of the Slug {rF+}
                  | (You bought it in a shop on level 1 of the Depths)
 73338 | Depths:1 | Bought a scroll of acquirement for 884 gold pieces
 73361 | Depths:1 | Bought the +2 hat of the Bear Spirit {Spirit, +Rage rN+
                  | MR++} for 1524 gold pieces
 73361 | Depths:1 | Found the +2 hat of the Bear Spirit {Spirit, +Rage rN+
                  | MR++}
 73747 | Depths:2 | Reached XP level 25. HP: 190/190 MP: 37/37
 73785 | Depths:2 | Found a gateway to a ziggurat.
 74140 | Depths:3 | Found a flickering gateway to a bazaar.
 74158 | Bazaar   | Entered a bazaar
 74162 | Bazaar   | Found Sougum's Jewellery Boutique.
 74217 | Bazaar   | Found Eggilla's Antique Armour Emporium.
 74234 | Bazaar   | Found Xist's Book Boutique.
 74251 | Bazaar   | Found Yskoet's Jewellery Shoppe.
 75069 | Depths:3 | Found a one-way gate leading to the halls of Pandemonium.
 75140 | Depths:3 | Found a one-way gate to the infinite horrors of the Abyss.
 75167 | Depths:3 | Identified the Handbook of Calling and the Glacier
 75346 | Depths:3 | Identified the Handbook of Harmful Flight
 75383 | Depths:3 | Found a deep blue altar of Sif Muna.
 75395 | Depths:3 | Noticed Nikola
 75440 | Depths:3 | Killed Nikola
 75571 | Depths:3 | Got a shimmering amber ring
 75572 | Depths:3 | Identified the ring "Yvoriv" {rCorr rF+ Int+3 SInv} (You
                  | found it on level 3 of the Depths)
 75577 | Depths:3 | Identified the +2 scale mail of Idiss {rC- rCorr Str+9
                  | Stlth+} (You found it on level 3 of the Depths)
 75611 | Depths:3 | Identified Sif Muna's Catalogue of Torrid Conjuration
 75613 | Depths:3 | Identified the Volume of Harmful Companions
 75630 | Depths:3 | Identified Sif Muna's Catalogue of Evil Battle Magic
 75632 | Depths:3 | Identified Turr's Catalogue of Fetching Stones
 75637 | Depths:3 | Learned a level 2 spell: Swiftness
 75641 | Depths:3 | Learned a level 3 spell: Regeneration
 75647 | Depths:3 | Learned a level 5 spell: Borgnjor's Vile Clutch
 75726 | Depths:4 | Reached skill level 21 in Fighting
 75739 | Depths:4 | Noticed a caustic shrike
 75739 | Depths:4 | Noticed a caustic shrike
 75739 | Depths:4 | Noticed a caustic shrike
 75739 | Depths:4 | Noticed a caustic shrike
 75739 | Depths:4 | Noticed a caustic shrike
 75749 | Depths:4 | Killed a caustic shrike
 75763 | Depths:4 | Killed a caustic shrike
 75765 | Depths:4 | Killed a caustic shrike
 75766 | Depths:4 | Killed a caustic shrike
 75773 | Depths:4 | Killed a caustic shrike
 76589 | Depths:4 | Noticed a caustic shrike
 76597 | Depths:4 | Killed a caustic shrike
 76937 | Depths:4 | Reached XP level 26. HP: 201/201 MP: 37/37
 77339 | Depths:4 | Noticed a juggernaut
 77361 | Depths:4 | Killed a juggernaut
 77731 | Depths:4 | Reached skill level 22 in Fighting
 77814 | Depths:4 | Identified Vehumet's Disquisition on Battle Magic
 77822 | Depths:4 | Got a clouded amber ring
 77823 | Depths:4 | Identified the ring "Ammon" {Str-5 Int+6 Dex+3} (You found
                  | it on level 4 of the Depths)
 78092 | Depths:5 | Entered Level 5 of the Depths
 78783 | Depths:5 | Identified the +6 faerie dragon scales {rC- rCorr Slay+4
                  | Stlth+}
 78783 | Depths:5 | Noticed the Enchantress
 78824 | Depths:5 | Cast into level 2 of the Abyss (the Enchantress)
 79160 | Abyss:2  | Reached skill level 15 in Summonings
 79334 | Depths:5 | Escaped the Abyss
 80134 | Elf:3    | Entered Level 3 of the Elven Halls
 81371 | Elf:3    | Reached skill level 23 in Fighting
 81399 | Elf:3    | Reached XP level 27. HP: 131/211 MP: 12/37
 81673 | Elf:3    | Identified the amulet of Eternal Night {Inacc rN++ Stlth-}
                  | (You found it on level 3 of the Elven Halls)
 81678 | Elf:3    | Identified the ring of Xediogg {rPois Stlth+} (You found it
                  | on level 3 of the Elven Halls)
 81682 | Elf:3    | Identified the +0 cloak of Tulips {Str+2} (You acquired it
                  | on level 3 of the Elven Halls)
 81727 | Elf:3    | Identified the ring of Emies {rC+ Int+3} (You found it on
                  | level 3 of the Elven Halls)
 81790 | Elf:3    | Identified the Incunabulum of Boosts and Attacks
 82511 | Slime:1  | Entered Level 1 of the Pits of Slime
 82770 | Slime:5  | Entered Level 5 of the Pits of Slime
 83111 | Slime:5  | Noticed the Royal Jelly
 83112 | Slime:5  | Found a viscous altar of Jiyva.
 83124 | Slime:5  | Killed the Royal Jelly
 83263 | Slime:5  | Identified the amulet of Zujemoar {RegenMP Fragile +Fly
                  | Int+3} (You found it on level 5 of the Pits of Slime)
 83267 | Slime:5  | Got a slimy rune of Zot
 84329 | Vaults:5 | Entered Level 5 of the Vaults
 84332 | Vaults:5 | Noticed an ancient lich
 84698 | Vaults:5 | Identified the +6 war axe of Calamity {protect, rElec rC++
                  | Int+2 Stlth-}
 84757 | Vaults:5 | Noticed an ancient lich
 84776 | Vaults:4 | Reached skill level 24 in Fighting
 84948 | Vaults:4 | Reached skill level 10 in Dodging
 85151 | Vaults:4 | Killed an ancient lich
 85594 | Vaults:4 | Killed an ancient lich
 86080 | Vaults:5 | Reached skill level 10 in Hexes
 86101 | Vaults:5 | Identified the +10 demon whip "Widowermaker" {vamp, rPois
                  | rN+ Str+4 Int-5}
 86123 | Vaults:5 | Noticed an ancient lich
 86136 | Vaults:5 | Killed an ancient lich
 86251 | Vaults:5 | Identified the +6 falchion of the Fox {elec, rElec rF- rN+
                  | Str+2}
 86521 | Vaults:5 | Reached skill level 1 in Charms
 86873 | Vaults:5 | Got a silver rune of Zot
 87425 | Vaults:5 | Found Dusiphif's Magic Scroll Emporium.
 87645 | Vaults:5 | Found Nofanges's Distillery.
 87707 | Vaults:5 | Reached skill level 5 in Charms
 87996 | Vaults:5 | Found Enaz Fau's Distillery.
 88010 | Vaults:5 | Bought a potion of heal wounds for 70 gold pieces
 88047 | Vaults:5 | Identified the +1 leather armour of the Desert {*Corrode
                  | Dex+2 Stlth+}
 88227 | Crypt:1  | Entered Level 1 of the Crypt
 89736 | Crypt:2  | Found a runed door.
 89736 | Crypt:2  | Noticed Xeamporr's ghost (veteran GrFi)
 90087 | Crypt:2  | Found a basalt altar of Yredelemnul.
 90184 | Crypt:2  | Reached skill level 15 in Armour
 91034 | Crypt:2  | Got a fine pewter ring
 91035 | Crypt:2  | Identified the ring of Ighix {*Tele rF+ rC+ Str+2 Stlth-}
                  | (You found it on level 2 of the Crypt)
 91101 | Crypt:2  | Learned a level 5 spell: Summon Forest
 91104 | Crypt:2  | Learned a level 2 spell: Passwall
 91225 | Crypt:2  | Identified the +2 chain mail "Wigoz" {rPois Int+4 Stlth+}
                  | (You found it on level 2 of the Crypt)
 91453 | Crypt:3  | Entered Level 3 of the Crypt
 91804 | Crypt:3  | Found an ancient bone altar of Kikubaaqudgha.
 91835 | Crypt:3  | Reached skill level 25 in Fighting
 91918 | Crypt:3  | Reached skill level 10 in Charms
 91934 | Crypt:3  | Identified the ring "Uguexaoz" {rElec rF+ rN+}
 92189 | Crypt:3  | Got a glittering granite ring
 92190 | Crypt:3  | Identified the ring of Diebo {rN+ Str+6 Dex-2} (You found
                  | it on level 3 of the Crypt)
 92192 | Crypt:3  | Identified the ring of Morality {-Tele rN+ Str+4 Dex+3}
                  | (You found it on level 3 of the Crypt)
 92551 | Crypt:3  | Found a staircase to the Tomb.
 92596 | Crypt:3  | Got a coiled brass ring
 92878 | Crypt:3  | Found the +8 demon blade "Leech" {vamp, rN+ AC-3 EV-3}
 93852 | Depths:2 | Identified the ring "Xofed" {MR+ Str+5 Dex+2}
 94341 | Depths:2 | Noticed a juggernaut
 94362 | Depths:2 | Killed a juggernaut
 94374 | Depths:2 | Reached skill level 15 in Dodging
 94735 | Depths:2 | Reached skill level 26 in Fighting
 95312 | Depths:5 | Found a gate to the Realm of Zot.
 96084 | Depths:5 | Killed the Enchantress
 97010 | Zot:1    | Entered Level 1 of the Realm of Zot
 97033 | Zot:1    | Reached skill level 27 in Fighting
 97034 | Zot:1    | Identified the ring of Ryarch {rF+ Stlth+} (You found it on
                  | level 3 of the Crypt)
 97128 | Zot:1    | Reached skill level 1 in Necromancy
 97128 | Zot:1    | Reached skill level 1 in Earth Magic
 98767 | Zot:1    | Noticed Faosin's ghost (adept DDFi)
 98768 | Zot:1    | Found a transporter.
 98776 | Zot:1    | Found a transporter.
 98874 | Zot:1    | Reached skill level 5 in Necromancy
 98874 | Zot:1    | Reached skill level 5 in Earth Magic
 98882 | Zot:1    | Got a pitted silver amulet
 98883 | Zot:1    | Identified the amulet "Juyloth" {RegenMP rF+ rN+ Int+2}
                  | (You found it on level 1 of the Realm of Zot)
 99092 | Zot:1    | Got a coiled copper amulet
 99155 | Zot:1    | Killed Faosin's ghost
 99307 | Zot:1    | Reached skill level 10 in Air Magic
 99312 | Zot:1    | Identified the amulet of Peam {rElec Regen+} (You found it
                  | on level 1 of the Realm of Zot)
100094 | Zot:2    | Found a large runed door.
100095 | Zot:2    | Found a large runed door.
100974 | Zot:2    | Noticed GordonOverkill's ghost (veteran DgWn)
101015 | Zot:2    | Killed GordonOverkill's ghost
101019 | Zot:2    | Got a heavily runed jade ring
101020 | Zot:2    | Identified the ring of Yendor {Ice rN+ Stlth+} (You found
                  | it on level 2 of the Realm of Zot)
102375 | Zot:4    | Reached skill level 10 in Necromancy
102477 | Zot:4    | Reached skill level 10 in Earth Magic
103393 | Zot:5    | Entered Level 5 of the Realm of Zot
105496 | Zot:5    | Noticed an ancient lich
105503 | Zot:5    | Noticed an orb of fire
105506 | Zot:5    | Noticed an ancient lich
105507 | Zot:5    | Noticed an orb of fire
105513 | Zot:5    | Killed an ancient lich
105515 | Zot:5    | Noticed an orb of fire
105525 | Zot:5    | Gained mutation: Your spells are a little easier to cast,
                  | but a little less powerful. [an orb of fire]
105544 | Zot:5    | Killed an orb of fire
105544 | Zot:5    | Reached skill level 15 in Evocations
105560 | Zot:5    | Killed an orb of fire
105597 | Zot:5    | Noticed an orb of fire
105623 | Zot:5    | Killed an ancient lich
105630 | Zot:5    | Noticed an orb of fire
105984 | Zot:5    | Gained mutation: Your magical capacity is low. (-10% MP)
                  | [an orb of fire]
105985 | Zot:5    | Gained mutation: Your body sometimes deteriorates upon
                  | taking damage. [an orb of fire]
105991 | Zot:5    | Noticed an orb of fire
106413 | Zot:5    | Gained mutation: You tend to lose your temper in combat.
                  | [an orb of fire]
106439 | Zot:5    | Killed an orb of fire
106523 | Zot:5    | Gained mutation: Potions are less effective at restoring
                  | your health. [an orb of fire]
106527 | Zot:5    | Gained mutation: You often lose your temper in combat. [an
                  | orb of fire]
106528 | Zot:5    | Killed an orb of fire
106645 | Zot:5    | Killed an orb of fire
106874 | Zot:4    | Lost mutation: Your body sometimes deteriorates upon taking
                  | damage. [potion of mutation]
106874 | Zot:4    | Lost mutation: You expend magic power (3 MP) to strengthen
                  | your wands. [potion of mutation]
106874 | Zot:4    | Gained mutation: You are partially covered in molten
                  | scales. (AC +2) [potion of mutation]
106875 | Zot:4    | Lost mutation: Your magical capacity is low. (-10% MP)
                  | [potion of mutation]
106875 | Zot:4    | Lost mutation: Your spells are a little easier to cast, but
                  | a little less powerful. [potion of mutation]
106875 | Zot:4    | Lost mutation: You are clumsy. (Dex -2) [potion of
                  | mutation]
106875 | Zot:4    | Lost mutation: Your flesh is heat resistant. (rF+) [potion
                  | of mutation]
106875 | Zot:4    | Lost mutation: You often lose your temper in combat.
                  | [potion of mutation]
106875 | Zot:4    | Lost mutation: You tend to lose your temper in combat.
                  | [potion of mutation]
106875 | Zot:4    | Gained mutation: You can translocate small distances at
                  | will. [potion of mutation]
107019 | Zot:5    | Killed an orb of fire
107662 | Zot:5    | Noticed an ancient lich
107684 | Zot:5    | Killed an ancient lich
108420 | Zot:5    | Got the Orb of Zot
109062 | D:$      | Escaped with the Orb!

Vault maps used:
D:1:      dpeg_arrival_rhombus
D:2:      first_ration
D:3:      nicolae_gozag_zags_fifth_avenue
D:4:      gammafunk_temple_overflow_statue, serial_shops, kennysheep_mini_moat,
          nicolae_shop_crystal
D:5:      lemuel_ratsnest, temple_doors_ab, lemuel_old_faithful, uniq_eustachio
D:6:      minmay_ruffians
D:7:      grunt_ogre_cave
D:8:      elyvilon_altar_3, serial_shops, nicolae_shop_statue_plus
D:9:      lemuel_doored_altar, grunt_dithmenos_smoke_and_mirrors,
          erik_lair_orcish_takeover, uniq_erolcha, uniq_joseph, uniq_gastronok
D:10:     grunt_tough_drop, uniq_psyche, uniq_fannar
D:11:     uniq_grum
D:12:     david_orc_4, serial_shops, nicolae_shop_waterfront, st_stairs_11
D:13:     ximxim_vaults_locker_room, ebering_ghost_reflecting_pool,
          small_statue_intersection, minmay_liquid_box, minmay_misc_feat_encased
D:14:     basic_altar, portal_ice_cave_entry_imps
D:15:     gammafunk_depths_entry_grave, chequers_serial_rivers_micro_c,
          uniq_agnes, uniq_kirke
Temple:   nicolae_temple_elliptical
Lair:1:   uniq_urug
Lair:2:   minmay_swamp_entry_worms, maelrawn_ghost_gauntlet_escape,
          serial_bayou_shore_a, lemuel_fruit_tree
Lair:3:   grunt_megastairs_1
Lair:4:   dummy_snake_entry, grunt_megastairs_4
Lair:5:   uniq_nessos
Lair:6:   hangedman_lair_caniforms_friends, dpeg_slime_entry_corner,
          zaba_antful_of_joy, wad_woods_river_01, minmay_lair_oklob_chamber
Swamp:1:  nicolae_swamp_round_clearing, water_boxes_lemuel
Swamp:2:  basic_altar, nicolae_swamp_fairy_circle
Swamp:3:  gammafunk_mikee_crab_dinner, serial_swamp_ruin,
          evilmike_swamp_ruin_house_4, hangedman_swamp_ruin_wall,
          evilmike_swamp_ruin_house_6, swamp_pool1, st_shrine_of_shade
Swamp:4:  swamp_alternative
Snake:1:  serial_shops, shop
Snake:2:  serial_shops, nicolae_shop_trees, nicolae_shop_statue_plus,
          spider_trap, grunt_megastairs_3, uniq_frances
Snake:3:  uniq_vashnia
Snake:4:  grunt_snake_rune_serpentine_throne, basic_altar,
          nicolae_snake_horde_hoard
Slime:1:  cheibrodos_slime_lost_civilization_7
Orc:1:    gammafunk_ghost_grave, basic_altar
Orc:2:    st_orc_open, serial_shops, nicolae_shop_waterfront, shop,
          nicolae_shop_overgrown_old_shop, nicolae_shop_stone
Elf:1:    eino_elf_arrival_customs, serial_shops, shop,
          hangedman_corner_corridor, minmay_shop_grove
Elf:2:    serial_co_window_serial, co_window_paths_b, co_window_paths_a,
          co_window_corner_a, co_window_paths_a, co_window_paths_a,
          co_window_corner_b, co_window_2corner, co_window_broadway_b,
          co_window_corner_b, glass_columns_b, glass_columns_a
Elf:3:    minmay_elf_hall_dome
Vaults:1: gammafunk_vaults_ghost_necromancy, dpeg_vaults_pockets_of_resistance,
          vaults_room_boxed, nicolae_vaults_border_crossing,
          hangedman_vaults_slither, grunt_vaults_swirl, ontoclasm_vaults_twist,
          nicolae_vaults_alarming, vaults_room_door_ring,
          nicolae_vaults_hallways_thing, grunt_vaults_hallway_long,
          ontoclasm_vaults_claustrophobia, nicolae_vaults_rhombus_5,
          dpeg_vaults_monster_row, nicolae_vaults_little_squares_1
Vaults:2: blue_anna_dwarven_crypt, v_alt_pattern_2, vaults_mumra_minichess,
          v_pattern_2, nicolae_vaults_twisting_passages, vaults_room_semicircle,
          vaults_mumra_hexcomb, nicolae_vaults_shelves_hall,
          nicolae_vaults_diagonal_hallway_9
Vaults:3: v_misc_23, nicolae_vaults_ring_of_whatevers, vaults_dpeg_spiral,
          vaults_room_pool, v_misc_16, hangedman_vaults_river_flow,
          hangedman_vaults_stretched_pinwheel, grunt_vaults_funnel
Vaults:4: v_rooms_2, v_alt_pattern_2, hangedman_vaults_nails, v_misc_12,
          grunt_vaults_trifunnel, ontoclasm_vaults_ring_small,
          nicolae_vaults_puzzle_piece, vaults_dpeg_cross, v_misc_24,
          vaults_room_hallway, serial_shops, shop, uniq_sojobo
Crypt:1:  minigarden_bobbens, grunt_crypt_arrival_split
Crypt:2:  hangedman_hall_of_fallen_heroes, basic_altar, gammafunk_ghost_grave
Crypt:3:  grunt_crypt_end_deaths_head
Depths:1: hell_entry, serial_sigils_hangedman_gut, cheibriados_altar_1,
          minmay_shoptagon, uniq_saint_roka
Depths:2: grunt_runaround, hell_entry
Depths:3: evilmike_library_of_no_secrets, serial_shops, bzr_entry_water,
          pan_entry, hell_entry, hangedman_decor_peaks_small, abyss_entry,
          infiniplex_staircase_spiral, firewood_loft, basic_stair_grate_trap,
          serial_bayou_shore_b, uniq_nikola
Depths:4: minmay_the_grid_octo_tiled_octocenter_mashed, minmay_room_of_horrors,
          nicolae_twisting_strands, pf_hell_entry_tar_river
Depths:5: evilmike_zot_entry_argh, minmay_misc_feat_x, mu_enter_wizlab_4,
          grunt_hell_entry_dis_grunt, abyss_entry, dispersion_dpeg,
          uniq_enchantress
Zot:1:    gammafunk_ghost_arena, st_single_dragon_hoard_1
Zot:2:    ebering_ghost_disaster_area, grunt_ministairs_11, stair_cage_line
Bazaar:   bazaar_jpeg_circle_common
IceCv:    ice_cave_small_dragons

Skill      XL: |  1  2  3  4  5  6  7  8  9 10 11 12 13 14 15 16 17 18 19 20 21 22 23 24 25 26 27 |
---------------+----------------------------------------------------------------------------------+-----
Fighting       | 4 5 6 7 9 11 12 13 14 15 16 17 18 20 21 23 27 | 27.0
Polearms       | 4 5 6 7 9 11 12 13 14 | 14.0
Evocations     | 2 4 6 8 10 19 | 19.4
Invocations    | 1 6 8 10 12 13 | 13.0
Shields        | 2 5 7 10 12 15 | 15.0
Armour         | 6 8 11 12 15 | 15.0
Translocations | 1 6 8 10 | 10.0
Dodging        | 7 8 15 | 15.0
Air Magic      | 6 8 10 | 10.0
Spellcasting   | 5 8 10 | 10.0
Summonings     | 4 8 10 13 15 | 15.0
Hexes          | 4 7 8 10 | 10.0
Charms         | 10 | 10.0
Necromancy     | 10 | 10.0
Earth Magic    | 10 | 10.0
Stealth        | |  2.0

Action                   |  1- 3 |  4- 6 |  7- 9 | 10-12 | 13-15 | 16-18 | 19-21 | 22-24 | 25-27 || total
-------------------------+-------+-------+-------+-------+-------+-------+-------+-------+-------++-------
Melee: Spear             |   111 |   334 |       |       |       |       |       |       |       ||   445
       Dagger            |       |    11 |    76 |       |       |       |       |       |       ||    87
       Trident           |       |       |   193 |   500 |  1322 |  1606 |  1852 |  1165 |       ||  6638
       Demon trident     |       |       |       |       |       |       |       |    67 |  4762 ||  4829
 Fire: Hunting sling     |       |       |       |    13 |    10 |       |       |       |       ||    23
Throw: Stone             |    59 |   131 |     6 |    32 |    25 |       |       |       |       ||   253
       Throwing net      |       |       |       |       |       |       |       |       |     3 ||     3
 Cast: Apportation       |       |       |       |     1 |    21 |       |       |       |     2 ||    24
       Silence           |       |       |       |       |       |       |       |     1 |       ||     1
       Summon Butterflie |       |       |       |       |       |       |       |       |     1 ||     1
       Summon Mana Viper |       |       |       |       |       |       |       |       |    33 ||    33
       Summon Lightning  |       |       |       |       |       |       |       |       |     8 ||     8
       Regeneration      |       |       |       |       |       |       |       |       |     3 ||     3
       Passwall          |       |       |       |       |       |       |       |       |     2 ||     2
       Summon Forest     |       |       |       |       |       |       |       |       |     2 ||     2
       Spectral Weapon   |       |       |       |       |       |       |       |       |     1 ||     1
Invok: Ancestor Life: Kn |       |       |     1 |       |       |       |       |       |       ||     1
       Ancestor Identity |       |       |     1 |       |       |       |       |       |       ||     1
       Recall Ancestor   |       |       |       |       |    15 |    19 |     6 |     4 |    22 ||    66
       Transference      |       |       |       |       |    10 |     7 |     6 |       |     3 ||    26
       Idealise          |       |       |       |       |     5 |     6 |     4 |     4 |     9 ||    28
 Abil: Evoke Invisibilit |       |       |     2 |     6 |    12 |       |     2 |     5 |     8 ||    35
Evoke: Wand              |       |       |       |     7 |    21 |    11 |     6 |    20 |    20 ||    85
       Lamp of fire      |       |       |       |       |       |       |     1 |     2 |     3 ||     6
       Box of beasts     |       |       |       |       |       |       |     1 |       |       ||     1
       Phantom mirror    |       |       |       |       |       |       |       |       |     1 ||     1
  Use: Scroll            |     3 |     7 |     3 |     9 |    10 |    12 |     2 |    14 |    60 ||   120
       Potion            |       |     1 |     1 |       |     2 |       |     1 |     3 |    14 ||    22
 Stab: Sleeping          |     2 |     4 |     4 |     8 |     8 |       |       |       |       ||    26
       Invisible         |       |       |       |    12 |    37 |       |     3 |    10 |    31 ||    93
       Paralysed         |       |       |       |    13 |    17 |       |     1 |       |    10 ||    41
       Distracted        |       |       |       |     2 |     9 |    26 |    28 |    19 |    92 ||   176
  Eat: Chunk             |     2 |    12 |     8 |    24 |    42 |    27 |    33 |    25 |    47 ||   220
       Ration            |       |       |     1 |     1 |     4 |     9 |     5 |     3 |    24 ||    47
Armor: Robe              |     5 |       |       |       |       |       |       |       |       ||     5
       Ring mail         |     5 |    74 |    41 |       |       |       |       |       |       ||   120
       Leather armour    |       |       |     8 |    84 |   209 |       |       |       |       ||   301
       Chain mail        |       |       |       |       |       |   210 |       |       |       ||   210
       Plate armour      |       |       |       |       |       |   229 |   591 |   330 |   344 ||  1494
       Storm dragon scal |       |       |       |       |       |       |       |       |  1154 ||  1154
Dodge: Dodged            |    44 |   126 |   101 |   130 |   298 |   164 |   240 |   183 |  1176 ||  2462
Block: Shield            |       |       |       |     9 |   392 |   514 |   568 |   385 |  2165 ||  4033
       Reflection        |       |       |       |       |       |       |       |       |    62 ||    62

Table legend:
 A = Non-vault XP
 B = Vault XP
 C = Vault XP percentage of total XP
 D = Non-vault monster count
 E = Vault monster count
 F = Vault count percentage of total count
                 A         B        C        D         E       F
            +---------+---------+-------+---------+---------+-------
      Total |  927244 | 1036245 |  52.8 |    1615 |    1108 |  40.7
            +---------+---------+-------+---------+---------+-------
        D:1 |      59 |       0 |   0.0 |      27 |       0 |   0.0
        D:2 |     110 |       0 |   0.0 |      23 |       0 |   0.0
        D:3 |     232 |       0 |   0.0 |      22 |       0 |   0.0
        D:4 |     490 |       0 |   0.0 |      23 |       0 |   0.0
        D:5 |     870 |     311 |  26.3 |      28 |      34 |  54.8
        D:6 |     984 |    1170 |  54.3 |      22 |       6 |  21.4
        D:7 |    1108 |     121 |   9.8 |      25 |       1 |   3.8
        D:8 |    2296 |       0 |   0.0 |      24 |       0 |   0.0
        D:9 |    2616 |    4400 |  62.7 |      30 |      12 |  28.6
       D:10 |    1642 |    1470 |  47.2 |      16 |       5 |  23.8
       D:11 |    3774 |     664 |  15.0 |      30 |       5 |  14.3
       D:12 |    6797 |    1721 |  20.2 |      25 |      21 |  45.7
       D:13 |   14948 |    4771 |  24.2 |      40 |      14 |  25.9
       D:14 |    4775 |    2319 |  32.7 |      11 |      11 |  50.0
       D:15 |   16757 |    7566 |  31.1 |      38 |       9 |  19.1
     Lair:1 |    4673 |     796 |  14.6 |      16 |       1 |   5.9
     Lair:2 |    2382 |     539 |  18.5 |      10 |       2 |  16.7
     Lair:3 |    2773 |    2696 |  49.3 |      12 |       4 |  25.0
     Lair:4 |    6466 |     143 |   2.2 |      21 |       1 |   4.5
     Lair:5 |    2662 |     853 |  24.3 |      12 |       4 |  25.0
     Lair:6 |    9563 |   18762 |  66.2 |      31 |      98 |  76.0
    Swamp:1 |   17622 |       0 |   0.0 |      50 |       0 |   0.0
    Swamp:2 |   10324 |       0 |   0.0 |      21 |       0 |   0.0
    Swamp:3 |   15996 |   11977 |  42.8 |      44 |      23 |  34.3
    Swamp:4 |   19138 |   18123 |  48.6 |      40 |      25 |  38.5
    Snake:1 |    9130 |       0 |   0.0 |      15 |       0 |   0.0
    Snake:2 |   13981 |   10868 |  43.7 |      28 |       6 |  17.6
    Snake:3 |   29074 |     828 |   2.8 |      60 |       1 |   1.6
    Snake:4 |   11353 |   40011 |  77.9 |      21 |      64 |  75.3
    Slime:3 |    4778 |       0 |   0.0 |       8 |       0 |   0.0
    Slime:4 |    6682 |       0 |   0.0 |      12 |       0 |   0.0
    Slime:5 |   10866 |   29131 |  72.8 |      16 |      12 |  42.9
      Orc:1 |    4658 |    1361 |  22.6 |      41 |       3 |   6.8
      Orc:2 |    3333 |   16189 |  82.9 |      22 |      35 |  61.4
      Elf:1 |   22922 |    3602 |  13.6 |      37 |       6 |  14.0
      Elf:2 |   20794 |    1799 |   8.0 |      31 |       2 |   6.1
      Elf:3 |   24613 |   33224 |  57.4 |      38 |      24 |  38.7
   Vaults:1 |   50508 |   60279 |  54.4 |      78 |      82 |  51.2
   Vaults:2 |   28831 |   18642 |  39.3 |      59 |      23 |  28.0
   Vaults:3 |   25124 |    1435 |   5.4 |      42 |       2 |   4.5
   Vaults:4 |   37919 |   96889 |  71.9 |      60 |      70 |  53.8
   Vaults:5 |   23544 |   79229 |  77.1 |      32 |      48 |  60.0
    Crypt:1 |   31396 |    7063 |  18.4 |      43 |       6 |  12.2
    Crypt:2 |   31217 |   11016 |  26.1 |      43 |      15 |  25.9
    Crypt:3 |       0 |   77869 | 100.0 |       0 |     119 | 100.0
   Depths:1 |   29488 |    6955 |  19.1 |      33 |      16 |  32.7
   Depths:2 |    1020 |  123823 |  99.2 |       4 |     109 |  96.5
   Depths:3 |   15392 |   28840 |  65.2 |      13 |      21 |  61.8
   Depths:4 |   41831 |   65640 |  61.1 |      16 |      64 |  80.0
   Depths:5 |   41686 |   32161 |  43.6 |      47 |      25 |  34.7
      Zot:1 |   60077 |   21949 |  26.8 |      40 |      10 |  20.0
      Zot:2 |   52650 |    9614 |  15.4 |      33 |       3 |   8.3
      Zot:3 |   21823 |       0 |   0.0 |      14 |       0 |   0.0
      Zot:4 |   54872 |   17133 |  23.8 |      30 |       5 |  14.3
      Zot:5 |   45314 |  156867 |  77.6 |      21 |      41 |  66.1
    Abyss:2 |   23311 |       0 |   0.0 |      37 |       0 |   0.0
      IceCv |       0 |    5426 | 100.0 |       0 |      20 | 100.0
            +---------+---------+-------+---------+---------+-------
